 Dungeon Crawl Stone Soup version 0.23-a0-636-g0ff6057 (webtiles) character file.

6694 TheGoonsmith the Geomancer (level 11, -2/71 HPs)
             Began as a Gargoyle Earth Elementalist on Dec 28, 2018.
             Was a Believer of Vehumet.
             Slain by a death yak (14 damage)
             ... on level 8 of the Dungeon.
             The game lasted 00:21:51 (10300 turns).

TheGoonsmith the Geomancer (GrEE)                  Turns: 10300, Time: 00:21:52

Health: -2/71      AC: 17    Str: 13    XL:     11   Next: 3%
Magic:  5/20       EV: 11    Int: 18    God:    Vehumet [**....]
Gold:   448        SH:  0    Dex: 10    Spells: 13/22 levels left

rFire    . . .     SeeInvis .   s - +8 hunting sling (velocity)
rCold    + + .     Gourm    .   (no shield)
rNeg     + . .     Faith    .   G - +1 ring mail {rC+}
rPois    ∞         Spirit   .   (no helmet)
rElec    +         Reflect  .   (no cloak)
rCorr    .         Harm     .   p - +1 pair of gloves
MR       .....                  (no boots)
Stlth    +.........             v - amulet of regeneration
HPRegen  0.61/turn              I - ring of protection from cold
MPRegen  0.17/turn              (no ring)

@: about to teleport
A: negative energy resistance 1, electricity resistance, unbreathing,
petrification resistance, rot immunity, AC +8
a: Renounce Religion


You were on level 8 of the Dungeon.
You worshipped Vehumet.
Vehumet was pleased with you.
You were not hungry.

You visited 2 branches of the dungeon, and saw 10 of its levels.

You collected 448 gold pieces.

Inventory:

Hand Weapons
 a - a +0 spear
 n - a +0 whip
 q - a +0 flail
 s - a +8 hunting sling of velocity (weapon)
 t - a +0 quarterstaff
 x - a +0 dire flail of protection
Missiles
 b - 95 stones
 F - 76 sling bullets (quivered)
Armour
 c - a +0 robe
 p - a +1 pair of gloves (worn)
 G - a +1 ring mail of cold resistance (worn)
Jewellery
 g - an uncursed amulet of the gourmand
 v - an amulet of regeneration (around neck)
 A - an uncursed ring of wizardry
 I - a ring of protection from cold (left hand)
Wands
 i - a wand of disintegration (26)
 m - a wand of paralysis (8)
 u - a wand of random effects (14)
 C - a wand of enslavement (31)
 D - a wand of polymorph (6)
Scrolls
 h - 5 scrolls of remove curse
 k - 3 scrolls of amnesia
 o - a scroll of blinking
 r - a scroll of teleportation
 y - 3 scrolls of enchant weapon
 z - 2 scrolls of random uselessness
Potions
 e - 2 potions of agility
 f - 3 potions of magic
 j - 4 potions of curing
 l - 3 potions of invisibility
 w - 2 potions of might
 B - 2 potions of resistance {unknown}
 E - 2 potions of lignification {unknown}
 H - a potion of heal wounds
Comestibles
 d - 14 rations


   Skills:
 + Level 9.1 Fighting
 - Level 2.3(2.7) Maces & Flails
 - Level 2.0(2.5) Staves
 - Level 4.0 Slings
 - Level 5.3 Armour
 - Level 2.0 Dodging
 - Level 2.1 Stealth
 - Level 6.1 Spellcasting
   Level 0.7 Transmutations
 - Level 12.1 Earth Magic


You had 13 spell levels left.
You knew the following spells:

 Your Spells              Type           Power        Failure   Level  Hunger
a - Sandblast             Erth           #####.       1%          1    None
x - Stone Arrow           Conj/Erth      ####..       6%          3    ##.....
z - Lee's Rapid Deconstr  Erth           #####.....   4%          5    #####..

Your spell library contained the following spells:

 Spells                   Type           Power        Failure   Level  Hunger
 Sting                    Conj/Pois      #...         24%         1    None
 Passwall                 Tmut/Erth      ####....     2%          2    None
 Beastly Appendage        Tmut           #.....       17%         1    None
 Petrify                  Tmut/Erth      ####....     17%         4    ####...
 Animate Skeleton         Necr           N/A          24%         1    None
 Pain                     Necr           #...         24%         1    None
 Sticks to Snakes         Tmut           #.......     26%         2    None
 Spider Form              Tmut/Pois      #.........   52%         3    ##.....
 Regeneration             Chrm/Necr      #.........   56%         3    ##.....
 Vampiric Draining        Necr           #.........   56%         3    ##.....
 Ice Form                 Ice/Tmut       #.......     90%         4    ####...
 Animate Dead             Necr           N/A          93%         4    ####...
 Blade Hands              Tmut           #.........   99%         5    #####..


Dungeon Overview and Level Annotations

Branches:
Dungeon (9/15)             Temple (1/1) D:5            Lair (0/6) D:9
    Orc: D:9-12

Altars:
Ashenzari
Cheibriados
Dithmenos
Elyvilon
Fedhas
Gozag
Hepliaklqana
Kikubaaqudgha
Makhleb
Nemelex Xobeh
Okawaru
Qazlal
Ru
Sif Muna
Trog
Uskayaw
Vehumet
Wu Jian
Xom
Yredelemnul
Zin
The Shining One

Shops:
D:6 [


Innate Abilities, Weirdness & Mutations

You are resistant to torment.
Your stone body is resilient. (AC +8)
You are immune to poison.
You resist negative energy. (rN+)
You are resistant to electric shocks. (rElec)
You can survive without breathing.
You are immune to petrification.
You are immune to rotting.


Message History

The death yak gores you. The death yak gores you!!
* * * LOW HITPOINT WARNING * * *
You climb upwards.
There is a stone staircase leading down here.
Okay, then.
As you read the scroll of teleportation, it crumbles to dust.
You feel strangely unstable.
The death yak gores you but does no damage.
The death yak gores you.
* * * LOW HITPOINT WARNING * * *
You are too injured to fight recklessly!
Casting: Sandblast (safe; 1% risk of failure)
Confirm with . or Enter, or press ? or * to list all spells.
Aiming: Sandblast (safe; 1% risk of failure)
Press: ? - help, Shift-Dir - straight line, f - death yak
Aim: a death yak The blast of sand misses the death yak.
b - 95 stones The death yak barely misses you.
The death yak gores you!
You die...

##.###.####
#.#.......#
##.###.##..
##...##.####
#######........##.
#.......>.........
#.#####........###
#Y# ##...##.## #@#
##.###)# #Y# #..#
#)#### #.# #.##
#..... #.# #.#
###### #.# #.# #.#
#.# #.# #.# #.#
###.######### #.#
#............


You could see 2 death yaks.

Vanquished Creatures
  3 death yaks
  A two-headed ogre (D:8)
  Maurice (D:8)
  Joseph (D:7)
  A troll (D:9)
  Sigmund (D:2)
  A spriggan (D:7)
  A yak (D:9)
  Menkaure (D:5)
  Edmund (D:5)
  A black bear (D:8)
  2 ice beasts
  2 sky beasts
  6 ogres
  3 centaurs
  A big kobold (D:9)
  3 bullfrogs
  A gnoll sergeant (D:8)
  A scorpion (D:6)
  5 howler monkeys
  4 crimson imps
  A bullfrog zombie (D:8)
  A jelly (D:6)
  2 hounds
  An orc priest (D:6)
  8 orc wizards
  5 iguanas
  Ijyb (D:5)
  2 worker ants
  A howler monkey zombie (D:9)
  10 adders
  4 gnolls (D:8)
  An ooze (D:4)
  An adder skeleton (D:4)
  7 worms
  3 dart slugs
  9 leopard geckos
  30 orcs
  5 giant cockroaches
  4 goblins
  4 hobgoblins
  14 jackals
  12 kobolds
  3 quokkas
  A ball python (D:2)
  7 bats
  6 frilled lizards
  2 leopard gecko skeletons
  5 rats
191 creatures vanquished.

Vanquished Creatures (others)
  A quokka (D:6)
1 creature vanquished.

Grand Total: 192 creatures vanquished

Notes
Turn   | Place    | Note
-------+----------+-------------------------------------------
     0 | D:1      | TheGoonsmith the Gargoyle Earth Elementalist began the
                  | quest for the Orb.
     0 | D:1      | Reached XP level 1. HP: 10/10 MP: 3/3
   425 | D:1      | Reached XP level 2. HP: 15/15 MP: 5/5
   848 | D:1      | Reached skill level 4 in Earth Magic
  1058 | D:1      | Reached XP level 3. HP: 17/19 MP: 6/6
  1084 | D:1      | Learned a level 3 spell: Stone Arrow
  1745 | D:2      | Found a bloodstained altar of Trog.
  2072 | D:2      | Noticed Sigmund
  2413 | D:3      | Reached XP level 4. HP: 22/24 MP: 8/8
  2444 | D:3      | Reached skill level 5 in Earth Magic
  2719 | D:3      | Reached XP level 5. HP: 27/28 MP: 7/9
  3098 | D:4      | Reached skill level 6 in Earth Magic
  3105 | D:4      | Learned a level 5 spell: Lee's Rapid Deconstruction
  3359 | D:4      | Reached skill level 1 in Fighting
  3533 | D:4      | Reached skill level 1 in Staves
  3533 | D:4      | Reached XP level 6. HP: 21/34 MP: 8/10
  4062 | D:4      | Reached XP level 7. HP: 19/40 MP: 12/12
  4220 | D:4      | Reached skill level 7 in Earth Magic
  4658 | D:5      | Entered Level 5 of the Dungeon
  4710 | D:5      | Found a staircase to the Ecumenical Temple.
  4727 | D:5      | Noticed Ijyb
  4730 | D:5      | Paralysed by Ijyb for 4 turns
  4737 | D:5      | Killed Ijyb
  4782 | D:5      | Reached skill level 8 in Earth Magic
  4782 | D:5      | Reached XP level 8. HP: 29/48 MP: 9/14
  4925 | Temple   | Entered the Ecumenical Temple
  5197 | D:5      | Noticed Menkaure
  5199 | D:5      | Noticed Edmund
  5201 | D:5      | Killed Menkaure
  5262 | D:5      | Killed Edmund
  5262 | D:5      | Reached skill level 9 in Earth Magic
  5650 | D:6      | Found a white marble altar of Elyvilon.
  5768 | D:6      | Found an ornate altar of the Wu Jian Council.
  5778 | D:6      | Reached skill level 10 in Earth Magic
  6308 | D:6      | Reached skill level 5 in Fighting
  6421 | D:6      | Found Usai's Antique Armour Shoppe.
  6701 | D:2      | Found a shattered altar of Ashenzari.
  6708 | D:2      | Found a deep blue altar of Sif Muna.
  6709 | D:2      | Found an ancient bone altar of Kikubaaqudgha.
  6710 | D:2      | Found a hazy altar of Hepliaklqana.
  6710 | D:2      | Found a radiant altar of Vehumet.
  6710 | D:2      | Found a blossoming altar of Fedhas.
  6711 | D:2      | Found a snail-covered altar of Cheibriados.
  6719 | D:2      | Became a worshipper of Vehumet
  6800 | D:2      | Killed Sigmund
  6800 | D:2      | Reached XP level 9. HP: 54/56 MP: 11/15
  7369 | D:6      | Reached skill level 1 in Maces & Flails
  7369 | D:6      | Reached skill level 1 in Armour
  7697 | D:7      | Reached * piety under Vehumet
  7697 | D:7      | Offered knowledge of Sting by Vehumet.
  7823 | D:7      | Noticed Joseph
  7833 | D:7      | Killed Joseph
  8729 | D:8      | Noticed a two-headed ogre
  8735 | D:8      | Killed a two-headed ogre
  8735 | D:8      | Reached skill level 5 in Spellcasting
  8735 | D:8      | Reached skill level 11 in Earth Magic
  8735 | D:8      | Reached XP level 10. HP: 61/63 MP: 1/18
  8933 | D:8      | Noticed Maurice
  8954 | D:8      | Killed Maurice
  9397 | D:9      | Noticed a death yak
  9401 | D:9      | Noticed a death yak
  9408 | D:9      | Noticed a death yak
  9408 | D:9      | Noticed a death yak
  9410 | D:9      | Noticed a death yak
  9430 | D:8      | Killed a death yak
  9791 | D:8      | Killed a death yak
  9791 | D:8      | Reached skill level 5 in Armour
 10099 | D:9      | Found a staircase to the Lair.
 10274 | D:9      | Reached skill level 12 in Earth Magic
 10280 | D:9      | Killed a death yak
 10280 | D:9      | Reached ** piety under Vehumet
 10280 | D:9      | Reached XP level 11. HP: 66/71 MP: 9/20
 10300 | D:8      | Slain by a death yak

Vault maps used:
D:1:      roderic_dead_forest, minmay_bisected
D:2:      minitemple, bloody_trog, chequers_serial_rivers_micro_c, uniq_sigmund
D:4:      roderic_serpentine_path, hangedman_decor_clover_reticule,
          due_unseen_surprise
D:5:      temple_pool_b, first_ration, uniq_ijyb, uniq_edmund, uniq_menkaure
D:6:      lemuel_round_altar, gup_sewer_entry_bowl, serial_shops, shop,
          elyvilon_altar_4
D:7:      the_bakery, abandoned_shop, uniq_joseph
D:8:      uniq_maurice
D:9:      dpeg_lair_monsters
Temple:   cyrus_circular_temple

Skill      XL: |  1  2  3  4  5  6  7  8  9 10 |
---------------+-------------------------------+-----
Dodging        | 2 |  2.0
Earth Magic    | 4 5 6 8 10 11 12 | 12.1
Spellcasting   | 3 4 5 6 |  6.1
Fighting       | 1 2 4 6 7 9 |  9.1
Staves         | 1 2 |  2.0
Maces & Flails | 2 |  2.3
Armour         | 3 5 |  5.3
Slings         | 2 4 |  4.0
Stealth        | |  2.1
Transmutations | |  0.7

Action                   |  1- 3 |  4- 6 |  7- 9 | 10-12 || total
-------------------------+-------+-------+-------+-------++-------
Melee: Unarmed           |     9 |       |       |       ||     9
       Spear             |    97 |       |       |       ||    97
       Whip              |    42 |     6 |       |       ||    48
       Flail             |       |     5 |       |       ||     5
       Quarterstaff      |       |    95 |    84 |       ||   179
       Dire flail        |       |       |   184 |       ||   184
 Fire: Hunting sling     |       |       |    27 |    84 ||   111
 Cast: Sandblast         |    26 |    33 |    65 |    17 ||   141
       Stone Arrow       |       |       |    15 |    21 ||    36
       Lee's Rapid Decon |       |       |     2 |     5 ||     7
Evoke: Wand              |       |       |     1 |       ||     1
  Use: Scroll            |       |     8 |     8 |     4 ||    20
       Potion            |       |       |     3 |       ||     3
 Stab: Sleeping          |     9 |       |     1 |       ||    10
       Distracted        |       |       |     2 |       ||     2
       Invisible         |       |       |     1 |       ||     1
  Eat: Chunk             |     4 |     3 |    17 |     2 ||    26
       Ration            |       |     1 |       |     2 ||     3
Armor: Robe              |    45 |    44 |   137 |       ||   226
       Ring mail         |       |       |    10 |    36 ||    46
Dodge: Dodged            |    97 |    77 |   213 |    41 ||   428

Table legend:
 A = Non-vault XP
 B = Vault XP
 C = Vault XP percentage of total XP
 D = Non-vault monster count
 E = Vault monster count
 F = Vault count percentage of total count
                 A         B        C        D         E       F
            +---------+---------+-------+---------+---------+-------
      Total |    5072 |    4491 |  47.0 |     174 |      17 |   8.9
            +---------+---------+-------+---------+---------+-------
        D:1 |      38 |       4 |   9.5 |      22 |       2 |   8.3
        D:2 |      38 |     231 |  85.9 |      16 |       1 |   5.9
        D:3 |     125 |       0 |   0.0 |      22 |       0 |   0.0
        D:4 |     706 |       0 |   0.0 |      26 |       0 |   0.0
        D:5 |     385 |     355 |  48.0 |       9 |       3 |  25.0
        D:6 |     818 |      14 |   1.7 |      19 |       4 |  17.4
        D:7 |     259 |     649 |  71.5 |      15 |       2 |  11.8
        D:8 |    1793 |    2175 |  54.8 |      21 |       3 |  12.5
        D:9 |     910 |    1063 |  53.9 |      24 |       2 |   7.7
            +---------+---------+-------+---------+---------+-------
